 Dungeon Crawl Stone Soup version 0.24.0-13-gcf9b319 (webtiles) character file.

Game seed: 4031420901796545223, levelgen mode: deterministic

12784 JerBear56 the Fighter (level 11, 0/109 HPs)
             Began as a Gargoyle Berserker on Nov 8, 2019.
             Was an Elder of Trog.
             Killed from afar by a gargoyle (10 damage)
             ... with a stone arrow
             ... in a Gauntlet.
             The game lasted 00:33:23 (11505 turns).

JerBear56 the Fighter (Gargoyle Berserker)         Turns: 11505, Time: 00:33:24

Health: 0/109      AC: 30    Str: 25    XL:     11   Next: 98%
Magic:  11/11      EV:  8    Int:  9    God:    Trog [****..]
Gold:   641        SH: 10    Dex: 10    Spells: 10/10 levels left

rFire    + . .     SeeInvis .   z - +1 flail (crush)
rCold    . . .     Gourm    .   F - +0 shield (curse)
rNeg     + . .     Faith    .   v - +0 plate armour
rPois    ∞         Spirit   .   (helmet restricted)
rElec    +         Reflect  .   u - +1 cloak
rCorr    .         Harm     .   t - +0 pair of gloves
MR       .....     NoTele   +   J - +2 pair of boots
Stlth    ..........             (no amulet)
HPRegen  0.28/turn              d - ring of stealth
MPRegen  0.12/turn              (no ring)

@: berserking, very quick
A: horns 1, fire resistance 1, negative energy resistance 1, electricity
resistance, weak 1, unbreathing, petrification resistance, rot immunity, subdued
magic 1, AC +8
a: Berserk, Trog's Hand, Brothers in Arms, Renounce Religion


You were in a Gauntlet.
You worshipped Trog.
Trog was greatly pleased with you.
You were not hungry.

You visited 2 branches of the dungeon, and saw 12 of its levels.
You also visited: Gauntlet.

You collected 641 gold pieces.

Inventory:

Hand Weapons
 z - a +1 flail of crushing (weapon)
Missiles
 q - 13 boomerangs (quivered)
Armour
 t - a +0 pair of gloves (worn)
 u - a +1 cloak (worn)
 v - a +0 plate armour (worn)
 y - a +0 helmet
 F - a cursed +0 shield (worn)
 J - a +2 pair of boots (worn)
Jewellery
 d - a ring of stealth (left hand)
Wands
 a - a wand of random effects (4)
 B - a wand of acid (15)
 E - a wand of polymorph (16)
 G - a wand of paralysis (11)
Scrolls
 b - a scroll of blinking
 g - 5 scrolls of amnesia {unknown}
 h - 12 scrolls of remove curse
 i - 4 scrolls of identify
 k - a scroll of fear {unknown}
 o - 10 scrolls of teleportation
 x - a scroll of fog
 M - 2 scrolls of noise {unknown}
Potions
 e - a potion of heal wounds
 f - 3 potions of resistance
 j - a potion of agility
 l - 2 potions of brilliance
 m - a potion of might
 n - 2 potions of lignification
 p - 5 potions of curing
 w - 2 potions of degeneration
 A - 2 potions of haste
 C - 2 potions of mutation
 D - 3 potions of ambrosia
 H - 2 potions of cancellation
 I - 2 potions of magic {unknown}
Comestibles
 c - 19 rations


   Skills:
 + Level 10.5 Fighting
 + Level 9.7 Maces & Flails
 + Level 10.2 Armour
 + Level 7.9 Dodging
 - Level 5.0 Shields


You had 10 spell levels left.
You didn't know any spells.
Your spell library contained the following spells:

 Spells                   Type           Power        Failure   Level  Hunger
 Freeze                   Ice            #...         100%        1    ##.....
 Throw Frost              Conj/Ice       #.....       100%        2    ###....
 Ozocubu's Armour         Chrm/Ice       #.......     100%        3    ####...
 Summon Ice Beast         Ice/Summ       #.......     100%        4    #####..
 Throw Icicle             Conj/Ice       #.......     100%        4    #####..


Dungeon Overview and Level Annotations

Branches:
Dungeon (11/15)            Temple (0/1) D:4            Lair (1/6) D:9
Gauntlet (1/1)
    Orc: D:9-12

Altars:
Ashenzari
Sif Muna
Trog
Xom

Shops:
D:4 %

Annotations:
D:9 1 runed translucent door, wahemi82's ghost, novice MiFi Gauntlet 11 transporters


Innate Abilities, Weirdness & Mutations

You are resistant to torment.
Your stone body is resilient. (AC +8)
You are immune to poison.
You resist negative energy. (rN+)
You are resistant to electric shocks. (rElec)
You can survive without breathing.
You are immune to petrification.
You are immune to rotting.
You have a pair of small horns on your head.
Your flesh is heat resistant. (rF+)
You are weak. (Str -2)
Your spells are a little easier to cast, but a little less powerful.


Message History

Unknown command.
A red film seems to cover your vision as you go berserk!
You feel yourself moving faster!
You feel mighty!
You feel quite a bit more hungry.
The catoblepas gores you but does no damage.
You sock the catoblepas! You headbutt the catoblepas.
The catoblepas is severely wounded.
The catoblepas breathes a plume of calcifying dust at you.
The blast of calcifying dust hits you but does no damage.
You hit the catoblepas.
The catoblepas is severely wounded.
The catoblepas breathes a plume of calcifying dust at you.
The blast of calcifying dust hits you!
* * * LOW HITPOINT WARNING * * *
You bludgeon the catoblepas!!
You kill the catoblepas!
Trog accepts your kill.
The gargoyle hurls a stone arrow at you.
The stone arrow hits you!
You die...

###≈...........§§§......
#8#∩...∩........≈8≈.....
###≈.............≈......
#..###########...#####
###..#.........#...#s###
#8#..#..##.##..#...#.#.©
###..#.#..#..#[######.#.
#..#.#..#..#.#...#..#.
###.©#.@#####.©#©.©###.#
#8#..#9#§©#..#!#...##.#.
###..#.#.§#..#.#####.##.
#..#..##§##..#...#y#.P
###..#.........#.8.##s#.
#8#..###########...#####
###.....................
#≈....................
######################


You could see a gargoyle.

Vanquished Creatures
  Harold (D:7)
  A catoblepas (Gauntlet)
  A two-headed ogre (D:9)
  3 cyclopes
  2 spiny frogs (Lair:1)
  A gargoyle (D:10)
  3 trolls
  3 hippogriffs
  A spriggan (D:8)
  9 yaks (D:10)
  A basilisk (Lair:1)
  Menkaure (D:5)
  Edmund (D:4)
  A soldier ant (D:10)
  5 porcupines (Lair:1)
  An orc warrior (D:9)
  2 ice beasts
  A black bear (D:11)
  3 sky beasts
  5 ogres
  4 phantoms
  An eye of draining (D:11)
  3 wolves (D:9)
  A centaur (D:9)
  A crocodile (Lair:1)
  A big kobold (D:10)
  5 bullfrogs
  2 gnoll sergeants (D:9)
  2 scorpions
  6 killer bees (D:10)
  2 howler monkeys (D:8)
  3 wights (D:9)
  3 electric eels (D:9)
  3 jellies
  4 crimson imps
  2 centaur zombies
  2 bullfrog zombies
  14 hounds
  4 orc priests
  4 gnoll shamans (D:9)
  Jessica (D:3)
  2 bullfrog skeletons (D:8)
  7 orc wizards
  5 iguanas
  4 worker ants
  A killer bee zombie (D:7)
  A hound zombie (D:8)
  A hound skeleton (D:9)
  A howler monkey zombie (D:10)
  Robin (D:4)
  15 gnolls
  9 adders
  2 shadow imps (D:8)
  An ooze (D:2)
  5 worms
  A leopard gecko (D:9)
  26 orcs
  2 bats
  5 giant cockroaches
  16 goblins
  9 hobgoblins
  A jackal (D:4)
  9 kobolds
  9 quokkas
  11 frilled lizards
  A jackal skeleton (D:4)
  A quokka skeleton (D:4)
  2 quokka zombies
  5 rats
267 creatures vanquished.

Vanquished Creatures (others)
  3 fungi
  3 plants
6 creatures vanquished.

Grand Total: 273 creatures vanquished

Notes
Turn   | Place    | Note
-------+----------+-------------------------------------------
     0 | D:1      | JerBear56 the Gargoyle Berserker began the quest for the
                  | Orb.
     0 | D:1      | Reached XP level 1. HP: 14/14 MP: 1/1
   229 | D:1      | Reached XP level 2. HP: 14/19 MP: 2/2
   564 | D:1      | Found a shimmering altar of Xom.
   812 | D:2      | Reached XP level 3. HP: 16/23 MP: 3/3
  1151 | D:2      | Reached ** piety under Trog
  1173 | D:2      | Found a shimmering blue altar of Sif Muna.
  1311 | D:2      | Reached XP level 4. HP: 13/29 MP: 4/4
  2586 | D:3      | Noticed Jessica
  2603 | D:3      | Killed Jessica
  2603 | D:3      | Reached XP level 5. HP: 29/33 MP: 5/5
  2992 | D:4      | Found a staircase to the Ecumenical Temple.
  3099 | D:4      | Noticed Robin
  3122 | D:4      | Reached *** piety under Trog
  3151 | D:4      | Killed Robin
  3211 | D:4      | Reached XP level 6. HP: 39/39 MP: 6/6
  3349 | D:4      | Noticed Edmund
  3373 | D:4      | Killed Edmund
  3428 | D:4      | Got a jewelled dagger
  3429 | D:4      | Identified the cursed +0 dagger "Plog" {drain, rElec} (You
                  | found it on level 4 of the Dungeon)
  3554 | D:4      | Found Tibith's Food Shop.
  3909 | D:5      | Entered Level 5 of the Dungeon
  3932 | D:5      | Noticed a sky beast
  3959 | D:5      | Killed a sky beast
  3959 | D:5      | Reached skill level 5 in Fighting
  3959 | D:5      | Reached XP level 7. HP: 43/44 MP: 7/7
  4314 | D:5      | Noticed Menkaure
  4317 | D:5      | Gained mutation: You have a pair of small horns on your
                  | head. [potion of mutation]
  4317 | D:5      | Gained mutation: You are weak. (Str -2) [potion of
                  | mutation]
  4317 | D:5      | Gained mutation: Your spells are a little easier to cast,
                  | but a little less powerful. [potion of mutation]
  4317 | D:5      | Gained mutation: Your flesh is heat resistant. (rF+)
                  | [potion of mutation]
  4322 | D:5      | Killed Menkaure
  4322 | D:5      | Reached skill level 5 in Maces & Flails
  4326 | D:5      | Reached skill level 5 in Armour
  4626 | D:5      | Reached XP level 8. HP: 42/51 MP: 8/8
  5896 | D:7      | Noticed Harold
  5915 | D:7      | Killed Harold
  5915 | D:7      | Reached skill level 5 in Dodging
  5915 | D:7      | Reached XP level 9. HP: 36/57 MP: 9/9
  6302 | D:8      | Found a shattered altar of Ashenzari.
  6639 | D:8      | Reached skill level 1 in Shields
  7175 | D:9      | Noticed a lindwurm
  7476 | D:9      | Reached **** piety under Trog
  7476 | D:9      | Reached XP level 10. HP: 60/64 MP: 10/10
  8242 | D:9      | Identified the cursed +1 short sword "Nawk" {antimagic,
                  | rF++ Str-3 Int+3 SInv}
  8355 | D:9      | Found a runed translucent door.
  8355 | D:9      | Found a shimmering altar of Xom.
  8355 | D:9      | Noticed wahemi82's ghost (novice MiFi)
  8356 | D:9      | Noticed a +0 rapier of chaos
  8373 | D:9      | Found a staircase to the Lair.
  8870 | D:9      | Upgraded the game from 0.24.0-1-gfbc8707 to
                  | 0.24.0-13-gcf9b319
  8889 | D:9      | Noticed a lindwurm
  8910 | D:10     | Entered Level 10 of the Dungeon
  8930 | D:10     | Noticed a two-headed ogre
  8948 | D:9      | Killed a two-headed ogre
  9231 | D:10     | Noticed a cyclops
  9241 | D:10     | Killed a cyclops
  9241 | D:10     | Reached XP level 11. HP: 55/71 MP: 11/11
  9373 | D:10     | Reached skill level 5 in Shields
 10420 | D:11     | Noticed a cyclops
 10429 | D:11     | Killed a cyclops
 10429 | D:11     | Reached skill level 10 in Fighting
 10498 | D:11     | Noticed a cyclops
 10510 | D:11     | Killed a cyclops
 10597 | D:11     | Found a bloodstained altar of Trog.
 10844 | Lair:1   | Entered Level 1 of the Lair of Beasts
 10949 | Lair:1   | Reached skill level 10 in Armour
 11211 | Lair:1   | Found a gate leading to a gauntlet.
 11239 | Gauntlet | Entered a Gauntlet
 11239 | Gauntlet | Found a transporter.
 11239 | Gauntlet | Found a transporter.
 11239 | Gauntlet | Found a transporter.
 11239 | Gauntlet | Noticed a wizard
 11239 | Gauntlet | Noticed a catoblepas
 11243 | Gauntlet | Found a transporter.
 11254 | Gauntlet | Found a transporter.
 11254 | Gauntlet | Found a transporter.
 11262 | Gauntlet | Noticed a moth of wrath
 11267 | Gauntlet | Found a transporter.
 11268 | Gauntlet | Found a transporter.
 11272 | Gauntlet | Noticed a death yak
 11276 | Gauntlet | Noticed a death yak
 11276 | Gauntlet | Noticed a death yak
 11277 | Gauntlet | Noticed a death yak
 11278 | Gauntlet | Found a transporter.
 11278 | Gauntlet | Found a transporter.
 11278 | Gauntlet | Noticed a death yak
 11278 | Gauntlet | Noticed a death drake
 11279 | Gauntlet | Noticed a necromancer
 11280 | Gauntlet | Found a transporter.
 11283 | Gauntlet | Found a transporter.
 11384 | Gauntlet | Noticed a four-headed hydra
 11504 | Gauntlet | Killed a catoblepas
 11505 | Gauntlet | Killed from afar by a gargoyle

Levels and vault maps discovered:
D:1:      dpeg_arrival_pond, layout_loops_ring, xom_teletrap_fun
D:2:      layout_basic, led_sif_pool
D:3:      layout_basic, first_ration, uniq_jessica
D:4:      layout_loops_corners, minmay_temple_entry_mini_moons, serial_shops,
          shop_statue, minmay_unequal, uniq_robin, uniq_edmund
D:5:      layout_basic, uniq_menkaure
D:6:      layout_rooms
D:7:      layout_basic, uniq_harold
D:8:      layout_basic, basic_altar, grunt_pizzeria, minmay_misc_feat_x,
          hangedman_decor_clover_reticule
D:9:      layout_cave_pools, erik_lair_island, serial_gnoll_camp,
          gnoll_camp_medium_01, gnoll_camp_mini_house, gnoll_camp_mini_hut,
          gnoll_camp_mini_house, gnoll_camp_mini_hut, gnoll_camp_mini_hut,
          ebering_ghost_xom, minmay_lindwurm_lava
D:10:     layout_irregular_city
D:11:     layout_big_octagon, bloody_trog
Lair:1:   layout_roguey, gauntlet_entry_generic, beast_lair_carwin_10,
          serial_bayou_shore_a, serial_bayou_shore_b
Gauntlet: gammafunk_gauntlet_hard_choice [nicolae_gauntlet_arena_grate_2,
          nicolae_gauntlet_arena_quarters, gammafunk_gauntlet_arena_split_x,
          gammafunk_gauntlet_arena_mazey, nicolae_gauntlet_arena_blocks,
          gammafunk_gauntlet_arena_split_diamond, gauntlet_exit_watery]

Skill      XL: |  1  2  3  4  5  6  7  8  9 10 11 |
---------------+----------------------------------+-----
Dodging        | 2 3 5 6 7 |  7.9
Armour         | 3 4 5 7 8 10 | 10.2
Fighting       | 4 5 7 8 9 10 | 10.5
Maces & Flails | 4 5 6 7 8 9 |  9.7
Shields        | 2 4 5 |  5.0

Action                   |  1- 3 |  4- 6 |  7- 9 | 10-12 || total
-------------------------+-------+-------+-------+-------++-------
Melee: Mace              |   114 |   216 |       |       ||   330
       Flail             |       |    29 |   313 |   621 ||   963
       Headbutt          |       |       |    32 |   123 ||   155
Throw: Boomerang         |       |     1 |     7 |     1 ||     9
Invok: Trog's Hand       |       |     2 |     5 |     8 ||    15
       Berserk           |       |       |       |     1 ||     1
  Use: Scroll            |       |     3 |       |    15 ||    18
       Potion            |       |       |     3 |       ||     3
 Stab: Sleeping          |     4 |     2 |       |       ||     6
  Eat: Chunk             |     1 |    10 |    12 |    17 ||    40
       Ration            |       |       |       |     1 ||     1
Armor: Animal skin       |    41 |     6 |       |       ||    47
       Scale mail        |       |    37 |       |       ||    37
       Leather armour    |       |    21 |       |       ||    21
       Chain mail        |       |    85 |   100 |       ||   185
       Plate armour      |       |       |   143 |   587 ||   730
Dodge: Dodged            |    80 |   150 |   126 |   236 ||   592
Block: Shield            |       |       |    58 |   402 ||   460
